 Dungeon Crawl Stone Soup version 0.23-a0-171-g5ae17c6 (webtiles) character file.

8251 digijack the Carver (level 11, -4/89 HPs)
             Began as a Demonspawn Monk on Sept 13, 2018.
             Was a High Priest of Okawaru.
             Slain by a 12-headed hydra (5 damage)
             ... on level 11 of the Dungeon on Sept 14, 2018.
             The game lasted 01:36:47 (10442 turns).

digijack the Carver (Demonspawn Monk)              Turns: 10442, Time: 01:36:48

Health: -4/89      AC: 16    Str: 18 (19) XL:     11   Next: 7%
Magic:  11/11      EV: 18    Int: 11 (12) God:    Okawaru [*****.]
Gold:   610        SH:  0    Dex: 18      Spells: 10/10 levels left

rFire    + . .     SeeInvis .   a - +1 long sword (freeze)
rCold    . . .     Gourm    .   (no shield)
rNeg     + + .     Faith    .   l - +3 leather armour {rN+}
rPois    +         Spirit   .   (helmet restricted)
rElec    .         Reflect  .   (no cloak)
rCorr    .         Harm     .   (no gloves)
MR       .....                  m - +2 pair of boots
Stlth    ++........             e - amulet of regeneration
HPRegen  0.64/turn              d - ring of poison resistance
MPRegen  0.12/turn              (no ring)

@: mighty
A: antennae 2, claws 1, iridescent scales 3, deterioration 1, fire resistance 1,
negative energy resistance 1, strong 1, evolution 1
a: Heroism, Finesse, Renounce Religion


You were on level 11 of the Dungeon.
You worshipped Okawaru.
Okawaru was extremely pleased with you.
You were not hungry.

You visited 2 branches of the dungeon, and saw 12 of its levels.

You collected 610 gold pieces.

Inventory:

Hand Weapons
 a - a +1 long sword of freezing (weapon)
Missiles
 i - 16 tomahawks (quivered)
 j - 176 stones
 k - a throwing net
 r - 8 tomahawks of returning
 s - 3 javelins
Armour
 l - a +3 leather armour of positive energy (worn)
 m - a +2 pair of boots (worn)
Jewellery
 d - a ring of poison resistance (left claw)
 e - an amulet of regeneration (around neck)
 w - an uncursed ring of ice
Wands
 o - a wand of random effects (68)
Scrolls
 f - a scroll of amnesia
 g - 4 scrolls of remove curse
 h - a scroll of identify
 n - 2 scrolls of magic mapping
 q - a scroll of fear
 u - 2 scrolls of enchant armour
Potions
 b - a potion of resistance
Comestibles
 c - 22 rations
 t - 5 chunks of flesh


   Skills:
 + Level 9.4 Fighting
 + Level 9.5 Long Blades
 - Level 6.0 Armour
 + Level 8.5 Dodging
 - Level 1.8 Stealth


You had 10 spell levels left.
You didn't know any spells.
Your spell library was empty.

Dungeon Overview and Level Annotations

Branches:
Dungeon (11/15)            Temple (1/1) D:4            Lair (0/6) D:9
    Orc (0/2) D:9

Altars:
Ashenzari
Cheibriados
Dithmenos
Elyvilon
Fedhas
Gozag
Hepliaklqana
Kikubaaqudgha
Makhleb
Nemelex Xobeh
Okawaru
Qazlal
Ru
Sif Muna
Trog
Uskayaw
Vehumet
Wu Jian
Xom
Yredelemnul
Zin
The Shining One

Shops:
D:5 :

Annotations:
D:10 4 runed doors


Innate Abilities, Weirdness & Mutations

You have a pair of antennae on your head.
You are completely covered in iridescent scales. (AC +6)
Your flesh is heat resistant. (rF+)
You resist negative energy. (rN+)
You have sharp fingernails.
Your body sometimes deteriorates upon taking damage.
Your muscles are strong. (Str +2)
You evolve.


Message History

The 12-headed hydra bites you but does no damage.
The 12-headed hydra closely misses you. The 12-headed hydra bites you!
* * * LOW HITPOINT WARNING * * *
The 12-headed hydra bites you but does no damage.
The 12-headed hydra completely misses you.
The 12-headed hydra misses you. The 12-headed hydra bites you.
* * * LOW HITPOINT WARNING * * *
The 12-headed hydra closely misses you.
The 12-headed hydra completely misses you.
As you read the scroll labeled HYTOTE LOJI, it crumbles to dust.
This is a scroll of acquirement! [a] Weapon [b] Armour [c] Jewellery [d] Book [e] Staff [f] Evocable [g] Food [h] Gold (you have $610)
What kind of item would you like to acquire? [\] known items [$] shopping list Something appears at your feet!
You see here a wand of enslavement (15).
The 12-headed hydra barely misses you. The 12-headed hydra bites you!
* * * LOW HITPOINT WARNING * * *
The 12-headed hydra bites you.
You die...

###############
#....##.......# ####
####....##.......# #...
........##.......####.##
........''.......'...>..
###...@##.......#.##.##
#..D.##.......#.#....
#....##.......#.#####
#.#####.......#.#####
... #.........#......
### #....#...........
#....#...........
+....#..≈........
#....#..≈≈......#


You could see a 12-headed hydra.

Vanquished Creatures
  2 two-headed ogres
  Grinder (D:6)
  A hippogriff (D:10)
  Sigmund (D:6)
  A spriggan (D:7)
  A wyvern (D:8)
  8 yaks (D:9)
  Eustachio (D:4)
  A basilisk (D:9)
  The ghost of Soeti the Shield-Bearer, an amateur FoFi (D:3)
  2 porcupines (D:9)
  Duvessa (D:4)
  A black bear (D:8)
  4 orc warriors
  3 sky beasts
  An eye of draining (D:9)
  2 phantoms
  4 ogres
  A centaur (D:9)
  A big kobold (D:7)
  3 crocodiles (D:9)
  10 bullfrogs
  Blork the orc (D:5)
  2 gnoll sergeants
  Dowan (D:4)
  A water moccasin zombie (D:6)
  3 scorpions
  2 howler monkeys (D:4)
  4 wights
  4 crimson imps
  A centaur zombie (D:5)
  2 bullfrog zombies
  4 hounds
  A jelly (D:9)
  3 orc priests
  3 bullfrog skeletons
  A centaur skeleton (D:7)
  3 orc wizards
  An iguana (D:9)
  7 worker ants
  A killer bee zombie (D:6)
  A hound skeleton (D:10)
  Robin (D:3)
  7 gnolls
  10 adders
  2 oozes
  An adder skeleton (D:5)
  An adder zombie (D:7)
  5 worms
  2 dart slugs (D:1)
  3 leopard geckos
  29 orcs
  10 giant cockroaches
  30 goblins
  14 hobgoblins
  2 jackals (D:3)
  13 kobolds
  6 quokkas
  4 ball pythons
  6 bats
  5 frilled lizards
  A leopard gecko skeleton (D:5)
  6 rats
255 creatures vanquished.

Vanquished Creatures (others)
  2 fungi (D:9)
  2 plants (D:9)
4 creatures vanquished.

Grand Total: 259 creatures vanquished

Notes
Turn   | Place    | Note
-------+----------+-------------------------------------------
     0 | D:1      | digijack the Demonspawn Monk began the quest for the Orb.
     0 | D:1      | Reached XP level 1. HP: 18/18 MP: 1/1
   320 | D:1      | Gained mutation: You are partially covered in iridescent
                  | scales. (AC +2) [demonic ancestry]
   320 | D:1      | Reached XP level 2. HP: 22/24 MP: 2/2
   451 | D:1      | Gained mutation: You are occasionally teleported next to
                  | monsters. [potion of mutation]
   451 | D:1      | Gained mutation: You are covered in fur. (AC +1) [potion of
                  | mutation]
   519 | D:1      | Gained mutation: You are mostly covered in iridescent
                  | scales. (AC +4) [demonic ancestry]
   519 | D:1      | Reached XP level 3. HP: 29/29 MP: 3/3
   939 | D:2      | Found a faded altar of an unknown god.
  1044 | D:2      | Reached XP level 4. HP: 34/35 MP: 4/4
  1722 | D:3      | Found a shadowy altar of Dithmenos.
  1722 | D:3      | Noticed a bullfrog
  1778 | D:3      | Noticed Robin
  1846 | D:3      | Lost mutation: You are occasionally teleported next to
                  | monsters. [potion of mutation]
  1846 | D:3      | Lost mutation: You are covered in fur. (AC +1) [potion of
                  | mutation]
  1846 | D:3      | Gained mutation: Your muscles are strong. (Str +2) [potion
                  | of mutation]
  1846 | D:3      | Gained mutation: You have sharp fingernails. [potion of
                  | mutation]
  1846 | D:3      | Gained mutation: You expend magic power (3 MP) to
                  | strengthen your wands. [potion of mutation]
  1846 | D:3      | Gained mutation: You evolve. [potion of mutation]
  1869 | D:3      | Gained mutation: You have a pair of small antennae on your
                  | head. [demonic ancestry]
  1869 | D:3      | Reached XP level 5. HP: 37/42 MP: 5/5
  2034 | D:3      | HP: 1/42 [gnoll/whip (8)]
  2397 | D:3      | Killed Robin
  2490 | D:3      | Gained mutation: You are completely covered in iridescent
                  | scales. (AC +6) [demonic ancestry]
  2490 | D:3      | Reached XP level 6. HP: 32/48 MP: 6/6
  2740 | D:4      | Found a staircase to the Ecumenical Temple.
  2755 | Temple   | Entered the Ecumenical Temple
  2923 | D:4      | Reached skill level 5 in Long Blades
  3082 | Temple   | Reached XP level 7. HP: 23/55 MP: 7/7
  3179 | D:4      | Noticed Eustachio
  3223 | D:4      | Noticed Duvessa
  3227 | D:4      | Noticed Dowan
  3259 | D:4      | Killed Duvessa
  3497 | D:4      | Killed Eustachio
  3497 | D:4      | Reached skill level 5 in Fighting
  3641 | D:4      | Killed Dowan
  3779 | D:4      | Found a runed door.
  3779 | D:4      | Noticed Soeti's ghost (amateur FoFi)
  3977 | D:3      | Killed Soeti's ghost
  3977 | D:3      | Reached skill level 1 in Armour
  3977 | D:3      | Reached skill level 5 in Dodging
  3977 | D:3      | Gained mutation: You have a pair of antennae on your head.
                  | [demonic ancestry]
  3977 | D:3      | Reached XP level 8. HP: 21/63 MP: 8/8
  4269 | D:5      | Entered Level 5 of the Dungeon
  4276 | D:5      | Found Putugg's Book Shoppe.
  4352 | D:5      | Noticed Blork the orc
  4381 | D:5      | Killed Blork the orc
  4644 | D:5      | Found a glowing silver altar of Zin.
  4644 | D:5      | Noticed an angel
  4649 | D:5      | Found a shimmering altar of Xom.
  4813 | D:5      | Gained mutation: Your body sometimes deteriorates upon
                  | taking damage. [evolution]
  5194 | D:5      | Found a glowing golden altar of the Shining One.
  5218 | D:5      | Found a hide-covered altar of Uskayaw.
  5364 | D:5      | Found a white marble altar of Elyvilon.
  5512 | Temple   | Became a worshipper of Warmaster Okawaru
  5512 | Temple   | Reached * piety under Okawaru
  5512 | Temple   | Reached ** piety under Okawaru
  5673 | D:6      | Noticed Grinder
  5707 | D:6      | Killed Grinder
  5707 | D:6      | Gained mutation: Your flesh is heat resistant. (rF+)
                  | [demonic ancestry]
  5707 | D:6      | Reached XP level 9. HP: 49/71 MP: 9/9
  5758 | D:6      | Found a snail-covered altar of Cheibriados.
  5759 | D:6      | Found a sparkling altar of Nemelex Xobeh.
  5974 | D:6      | Found a blossoming altar of Fedhas.
  5976 | D:6      | Found an ancient bone altar of Kikubaaqudgha.
  6120 | D:6      | Noticed Sigmund
  6142 | D:6      | Killed Sigmund
  6249 | D:7      | Found a stormy altar of Qazlal.
  7106 | D:7      | Lost mutation: You expend magic power (3 MP) to strengthen
                  | your wands. [evolution]
  7318 | D:8      | Found a burning altar of Makhleb.
  7318 | D:8      | Found an ornate altar of the Wu Jian Council.
  7337 | D:8      | Reached *** piety under Okawaru
  7962 | D:8      | Noticed a two-headed ogre
  7977 | D:8      | Killed a two-headed ogre
  7977 | D:8      | Reached **** piety under Okawaru
  7977 | D:8      | Reached skill level 5 in Armour
  7977 | D:8      | Gained mutation: You resist negative energy. (rN+) [demonic
                  | ancestry]
  7977 | D:8      | Reached XP level 10. HP: 41/80 MP: 7/10
  8101 | D:9      | Found a staircase to the Orcish Mines.
  8124 | D:9      | Found a staircase to the Lair.
  8919 | D:9      | Reached ***** piety under Okawaru
  9520 | D:10     | Entered Level 10 of the Dungeon
  9784 | D:10     | Noticed a two-headed ogre
  9796 | D:10     | Killed a two-headed ogre
  9796 | D:10     | Reached XP level 11. HP: 69/89 MP: 11/11
  9918 | D:10     | Found a huge runed gate.
  9918 | D:10     | Found a huge runed gate.
  9918 | D:10     | Found a huge runed gate.
  9918 | D:10     | Noticed a death yak
  9925 | D:10     | Found a huge runed gate.
 10431 | D:11     | Noticed an eight-headed hydra
 10442 | D:11     | Identified a scroll of acquirement
 10442 | D:11     | HP: 1/89 [12-headed hydra (8)]
 10442 | D:11     | Slain by a 12-headed hydra

Vault maps used:
D:1:      dpeg_arrival_houses_and_road, minmay_octomino_j4
D:2:      cheibrodos_greedy_goblins, chequers_ecumenical_altar_simple
D:3:      first_ration, nicolae_dithmenos_through_a_glass_darkly, uniq_robin
D:4:      minmay_temple_entry_large_hall, gammafunk_ghost_grave, uniq_eustachio,
          uniq_duvessa
D:5:      grunt_temple_overflow_order_and_chaos_1,
          nicolae_overflow_hidden_temple, kennysheep_mini,
          eat_drink_and_be_merry_uskayaw, serial_shops, shop,
          hangedman_abyss_or_decor_passed, solitary_fountain, sword_in_stone
D:6:      grunt_temple_overflow_open, grunt_temple_overflow_growth_and_decay,
          uniq_grinder, uniq_sigmund
D:7:      lemuel_crystal_altar, the_bakery
D:8:      chequers_temple_overflow_statue_of_worship
D:9:      minmay_lair_entry_grove, orc_0_dummy
D:10:     lemuel_bear_cage, kennysheep_generic_room_6
D:11:     hangedman_cross_veins, hangedman_decor_clover_reticule,
          feat_on_display
Temple:   nicolae_temple_figure_zero

Skill      XL: |  1  2  3  4  5  6  7  8  9 10 |
---------------+-------------------------------+-----
Long Blades    | 3 4 5 6 7 8 9 |  9.5
Dodging        | 3 4 5 6 7 8 |  8.5
Fighting       | 4 5 6 8 9 |  9.4
Armour         | 1 3 5 6 |  6.0
Stealth        | |  1.8

Action                   |  1- 3 |  4- 6 |  7- 9 | 10-12 || total
-------------------------+-------+-------+-------+-------++-------
Melee: Falchion          |   110 |   327 |   223 |       ||   660
       Long sword        |       |       |   414 |   302 ||   716
Invok: Heroism           |       |       |     1 |     1 ||     2
       Finesse           |       |       |       |     1 ||     1
Evoke: Wand              |       |       |     5 |       ||     5
  Use: Potion            |     3 |     2 |     4 |     7 ||    16
       Scroll            |     4 |     4 |    14 |     4 ||    26
 Stab: Sleeping          |     8 |     3 |     3 |       ||    14
       Distracted        |       |       |     1 |       ||     1
  Eat: Chunk             |     1 |     7 |    17 |     9 ||    34
Armor: Robe              |    32 |   135 |    71 |       ||   238
       Leather armour    |       |       |   145 |   101 ||   246
Dodge: Dodged            |    67 |   338 |   482 |   212 ||  1099
       Rpst.: Falchion   |    27 |   126 |    67 |       ||   220
       Long sword        |       |       |    85 |    58 ||   143

Table legend:
 A = Non-vault XP
 B = Vault XP
 C = Vault XP percentage of total XP
 D = Non-vault monster count
 E = Vault monster count
 F = Vault count percentage of total count
                 A         B        C        D         E       F
            +---------+---------+-------+---------+---------+-------
      Total |    7768 |    4020 |  34.1 |     200 |      55 |  21.6
            +---------+---------+-------+---------+---------+-------
        D:1 |      82 |       5 |   5.7 |      27 |       4 |  12.9
        D:2 |     102 |      22 |  17.7 |      26 |      12 |  31.6
        D:3 |     139 |     224 |  61.7 |      27 |      13 |  32.5
        D:4 |     379 |     513 |  57.5 |      18 |       4 |  18.2
        D:5 |     365 |     500 |  57.8 |      16 |       5 |  23.8
        D:6 |     333 |     521 |  61.0 |       7 |       2 |  22.2
        D:7 |     381 |     229 |  37.5 |      14 |       1 |   6.7
        D:8 |    2234 |       0 |   0.0 |      20 |       0 |   0.0
        D:9 |    1918 |    1716 |  47.2 |      23 |      12 |  34.3
       D:10 |    1256 |     290 |  18.8 |      10 |       2 |  16.7
       D:11 |     406 |       0 |   0.0 |       4 |       0 |   0.0
     Temple |     173 |       0 |   0.0 |       8 |       0 |   0.0
            +---------+---------+-------+---------+---------+-------
